Map: Romanticide LE

Players

nanO - Winner!

  • Race: Protoss Protoss
  • League: Master
  • Spawn Location: 11:00

eGGz

  • Race: Zerg Zerg
  • League: Grandmaster
  • Spawn Location: 5:00

Event: DreamHack SC2 Masters 2020 Winter

VOD

Have the link to the VOD?

Description

Time

  • Played on: Oct. 18, 2020, 9:43 p.m.
  • Length: 14:52

All games in this series

Show
View Real Time Build Order
Export as new Build Order

nanO Protoss - Winner!

Build Orders: 1 Gate Expand, Oracle Opening, Archon Immortal 

Get SALT Encoding   

  12  0:00  Probe  
  13  0:12  Probe  
  14  0:17  Pylon  
  14  0:24  Probe (Chrono Boost)  
  15  0:36  Probe (Chrono Boost)  
  15  0:38  Gateway  
  16  0:45  Probe (Chrono Boost)  
  16  0:47  Assimilator  
  17  0:50  Probe  
  18  1:03  Probe  
  19  1:15  Probe  
  20  1:24  Nexus  
  20  1:33  Cybernetics Core  
  20  1:36  Probe  
  21  1:42  Assimilator  
  21  1:49  Probe  
  21  1:52  Pylon  
  22  2:01  Probe  
  23  2:07  Adept (Chrono Boost)  
  23  2:13  Probe  
  26  2:17  Stargate  
  26  2:25  Probe (Chrono Boost)  
  27  2:30  Stalker  
  27  2:36  Probe (Chrono Boost)  
  30  2:37  Warp Gate  
  30  2:43  Probe (Chrono Boost)  
  31  2:46  Probe (Chrono Boost)  
  31  2:50  Probe (Chrono Boost)  
  31  2:51  Probe (Chrono Boost)  
  33  2:55  Void Ray (Chrono Boost)  
  34  3:01  Probe  
  34  3:05  Probe  
  40  3:13  Probe  
  40  3:14  Gateway  
  40  3:17  Probe  
  42  3:22  Pylon  
  42  3:25  Probe  
  43  3:29  Probe  
  44  3:37  Pylon, Probe  
  44  3:40  Oracle (Chrono Boost)  
  49  3:41  Probe  
  49  3:46  Assimilator  
  49  3:48  Assimilator  
  49  3:50  Probe  
  49  3:53  Probe  
  51  3:57  Pylon  
  51  4:02  Probe  
  52  4:03  Robotics Facility  
  52  4:05  Probe  
  53  4:14  Probe  
  54  4:17  Probe  
  55  4:26  Probe  
  55  4:27  Gateway  
  55  4:29  Gateway, Probe  
  55  4:30  Twilight Council  
  57  4:38  Probe  
  57  4:41  Probe  
  57  4:45  Nexus  
  58  4:47  Pylon  
  58  4:49  Sentry x2  
  58  4:50  Observer (Chrono Boost), Probe  
  64  4:58  Pylon  
  64  4:59  Probe  
  65  5:02  Probe  
  65  5:04  Immortal (Chrono Boost)  
  70  5:10  Charge  
  70  5:15  Probe, Templar Archives  
  70  5:16  Probe  
  72  5:24  Sentry  
  72  5:26  Pylon  
  74  5:31  Gateway  
  74  5:32  Gateway  
  74  5:36  Immortal (Chrono Boost)  
  78  5:45  Probe  
  78  5:47  Probe  
  80  6:00  Gateway  
  80  6:02  Gateway  
  80  6:04  Warp Prism (Chrono Boost)  
  80  6:05  High Templar x2  
  86  6:11  Archon, Pylon  
  86  6:15  Zealot x2  
  90  6:24  Pylon  
  90  6:28  High Templar x2  
  90  6:32  Archon, Pylon  
  94  6:35  Zealot  
  94  6:36  Zealot  
  94  6:38  Zealot x2  
  100  6:57  High Templar x2, Zealot x2  
  106  7:01  Archon  
  106  7:03  Phoenix  
  106  7:05  Probe  
  106  7:08  Zealot x4  
  90  7:28  Phoenix  
  92  7:32  Probe x3  
  91  7:38  Zealot x4  
  85  8:00  Zealot x6  
  87  8:08  Void Ray (Chrono Boost)  
  87  8:09  Probe x3  
  78  8:18  High Templar x2  
  80  8:21  Probe x2  
  80  8:22  Immortal (Chrono Boost)  
  80  8:23  Archon  
  80  8:26  Zealot, Shield Battery  
  88  8:31  Shield Battery  
  88  8:35  Zealot x2  
  88  8:36  Zealot  
  88  8:37  Void Ray (Chrono Boost)  
  98  8:50  Zealot x2  
  98  8:51  Zealot  
  98  8:53  Probe  
  101  8:56  Zealot x2  
  101  8:57  Probe  
  101  9:01  Probe  
  104  9:05  Probe, Immortal (Chrono Boost)  
  97  9:10  Probe  
  97  9:13  Probe  
  95  9:17  High Templar x2, Probe  
  95  9:19  Assimilator  
  95  9:21  Assimilator  
  95  9:23  Archon  
  100  9:37  Nexus  
  100  9:38  Pylon  
  100  9:40  Shield Battery  
  100  9:42  Shield Battery  
  100  9:44  High Templar x2, Pylon  
  100  9:45  Probe  
  105  9:48  Archon  
  105  9:49  Warp Prism (Chrono Boost)  
  105  9:56  Robotics Facility  
  107  10:03  Zealot  
  107  10:04  Zealot x3  
  115  10:07  Phoenix (Chrono Boost)  
  117  10:24  Phoenix (Chrono Boost)  
  117  10:26  High Templar x2, Probe x2  
  117  10:27  Probe  
  126  10:31  Archon  
  126  10:35  Forge  
  126  10:38  Probe  
  127  10:44  Stalker x2  
  127  10:46  Probe  
  127  10:48  Probe  
  131  10:50  Psionic Storm  
  131  10:53  Probe  
  130  10:58  Zealot x2  
  130  10:59  Zealot  
  130  11:01  Assimilator x2, Probe x3  
  139  11:05  Probe  
  139  11:08  Protoss Ground Weapons Level 1 (Chrono Boost)  
  139  11:10  Immortal  
  144  11:13  Probe, Immortal  
  149  11:20  Probe  
  149  11:21  Photon Cannon  
  150  11:36  High Templar x4  
  158  11:48  Pylon  
  158  11:49  Pylon  
  158  11:50  Zealot x3  
  158  11:51  Pylon  
  158  11:53  Pylon  
  164  11:56  Nexus  
  164  12:10  High Templar, Pylon  
  164  12:11  High Templar  
  164  12:12  High Templar x3  
  174  12:23  Archon  
  174  12:24  Archon  
  174  12:25  Pylon  
  174  12:27  Pylon  
  174  12:29  Zealot x2  
  178  12:30  Zealot  
  178  12:33  Dark Shrine  
  178  12:34  Gateway  
  178  12:35  Gateway  
  175  12:45  Immortal x2  
  175  12:50  Zealot  
  175  12:51  Zealot x5  
  159  13:12  Archon x2  
  128  13:20  Zealot x8  
  128  13:24  Immortal x2 (Chrono Boost)  
  126  13:43  High Templar x9  
  126  13:44  Probe x2  
  142  13:49  Probe  
  131  14:02  Immortal x2 (Chrono Boost)  
  135  14:05  Archon x3  
  135  14:09  Probe x2  
  137  14:12  Zealot  
  139  14:19  Pylon  
  139  14:21  Zealot x5  
  149  14:25  High Templar x2  
  149  14:26  High Templar x2  
  149  14:27  Probe  
  149  14:29  Archon  
  149  14:30  Archon  
  164  14:39  Probe  
  161  14:50  Zealot x5  
Show
View Real Time Build Order
Export as new Build Order

eGGz Zerg 

Build Orders: Hatch First, Lurkers 

Get SALT Encoding   

  12  0:00  Drone  
  13  0:12  Overlord  
  13  0:17  Drone  
  14  0:30  Drone x2  
  16  0:48  Hatchery  
  15  0:50  Drone  
  15  0:55  Drone  
  17  1:05  Extractor  
  16  1:11  Spawning Pool  
  16  1:13  Drone  
  16  1:17  Drone  
  17  1:22  Drone  
  18  1:30  Drone  
  19  1:40  Drone  
  20  1:50  Overlord  
  20  1:58  Queen  
  20  2:00  Zergling x4  
  24  2:02  Queen  
  26  2:09  Metabolic Boost  
  26  2:12  Drone  
  26  2:15  Drone  
  28  2:21  Drone  
  29  2:28  Drone  
  30  2:38  Hatchery  
  30  2:42  Drone  
  30  2:43  Drone  
  31  2:46  Drone  
  31  2:48  Overlord  
  32  2:53  Zergling x2  
  32  2:56  Zergling x2  
  33  3:07  Queen  
  33  3:08  Drone x2  
  33  3:11  Drone x3  
  40  3:18  Drone x2  
  43  3:27  Drone  
  43  3:32  Overlord  
  43  3:37  Lair  
  43  3:40  Drone, Spore Crawler x2  
  42  3:42  Drone  
  42  3:47  Drone  
  44  3:49  Queen, Overlord  
  44  3:53  Zergling x4  
  44  3:55  Drone x2  
  49  4:00  Drone x3  
  52  4:06  Roach Warren  
  51  4:15  Drone x2  
  53  4:17  Drone x2, Extractor  
  53  4:20  Spore Crawler  
  53  4:24  Drone x2  
  53  4:27  Overlord  
  54  4:33  Drone x2  
  54  4:37  Overlord  
  54  4:43  Drone x4, Extractor  
  54  4:45  Extractor, Overlord  
  55  4:46  Drone x2  
  55  4:47  Drone  
  55  4:50  Drone x2  
  55  4:52  Roach x2  
  64  4:54  Roach  
  64  4:55  Overseer  
  64  4:58  Drone  
  67  5:00  Drone x2  
  67  5:01  Drone  
  67  5:03  Drone  
  67  5:05  Drone, Extractor  
  71  5:12  Zergling x4  
  71  5:13  Spire  
  72  5:15  Drone  
  73  5:21  Zergling x2  
  73  5:22  Zergling x10  
  73  5:26  Drone x2  
  81  5:32  Overlord  
  81  5:33  Extractor  
  80  5:41  Drone x2  
  80  5:42  Overlord  
  82  5:48  Overlord  
  82  5:50  Roach x2  
  82  5:51  Roach x2  
  82  5:53  Overlord  
  82  5:55  Overlord x2  
  90  6:04  Overlord  
  90  6:07  Drone x3  
  90  6:10  Hatchery  
  92  6:15  Roach x2  
  95  6:27  Mutalisk x8  
  95  6:32  Roach x2  
  115  6:36  Overlord  
  115  6:37  Roach x2  
  115  6:39  Glial Reconstitution  
  119  6:45  Roach x3  
  125  6:48  Roach  
  125  6:49  Ravager  
  127  7:01  Roach x5  
  136  7:03  Roach x2  
  136  7:07  Ravager  
  135  7:14  Roach x3  
  130  7:18  Zergling x14  
  121  7:26  Roach x2  
  117  7:31  Roach  
  112  7:38  Roach x6  
  112  7:41  Roach  
  112  7:42  Roach x2  
  111  7:45  Roach  
  111  7:51  Roach  
  104  7:53  Roach  
  104  7:54  Roach  
  88  8:00  Roach  
  88  8:04  Roach x2  
  89  8:05  Roach x2  
  89  8:06  Roach  
  89  8:12  Roach  
  86  8:16  Corruptor  
  86  8:17  Corruptor  
  90  8:22  Drone  
  90  8:23  Drone  
  90  8:24  Drone  
  90  8:25  Drone  
  94  8:31  Ravager x5  
  99  8:35  Drone x2  
  99  8:37  Queen  
  99  8:39  Evolution Chamber  
  99  8:40  Roach x2  
  106  8:46  Drone x3  
  95  9:08  Roach x9  
  95  9:17  Drone x2  
  95  9:19  Zerg Missile Weapons Level 1  
  95  9:21  Hydralisk Den  
  96  9:28  Mutalisk x2  
  96  9:30  Drone x4  
  104  9:33  Drone  
  104  9:35  Queen x2  
  104  9:38  Roach  
  111  9:43  Roach x3  
  117  9:49  Drone  
  117  9:52  Roach x2, Hydralisk  
  120  9:58  Roach  
  124  10:01  Roach  
  124  10:03  Roach  
  124  10:06  Grooved Spines  
  128  10:08  Corruptor  
  128  10:11  Overlord  
  128  10:12  Overlord  
  128  10:14  Extractor x2, Ravager x2  
  127  10:16  Overlord  
  127  10:18  Overlord  
  128  10:23  Overlord  
  128  10:25  Overlord  
  130  10:28  Overlord  
  130  10:29  Overlord  
  130  10:30  Roach x3  
  130  10:34  Drone  
  137  10:38  Roach x5  
  137  10:40  Drone  
  148  10:48  Hydralisk  
  148  10:49  Hydralisk x2  
  154  10:53  Hydralisk  
  152  10:57  Hydralisk x2  
  152  11:01  Drone x4  
  158  11:06  Queen, Lurker Den  
  158  11:09  Spore Crawler  
  156  11:12  Hydralisk x2  
  156  11:16  Extractor  
  156  11:17  Muscular Augments  
  159  11:24  Hydralisk x4  
  167  11:29  Drone  
  167  11:30  Drone x2  
  164  11:33  Extractor, Roach x3  
  164  11:36  Ravager  
  170  11:41  Drone x4  
  174  11:47  Hydralisk  
  174  11:48  Roach x3, Hydralisk  
  174  11:50  Overseer  
  184  11:58  Infestation Pit  
  184  11:59  Overlord  
  183  12:11  Lurker x2  
  183  12:12  Overlord  
  183  12:15  Zerg Missile Weapons Level 2  
  185  12:16  Overlord  
  185  12:19  Spine Crawler, Overlord  
  185  12:22  Overlord  
  184  12:33  Lurker  
  184  12:34  Lurker x3, Hatchery  
  187  12:39  Roach x4  
  195  12:45  Overlord  
  155  13:16  Roach, Hydralisk x4  
  155  13:17  Roach x5, Hydralisk  
  127  13:28  Hydralisk  
  127  13:29  Roach x3, Hydralisk x2  
  127  13:30  Roach  
  117  13:34  Roach  
  117  13:35  Roach x2  
  95  13:51  Roach, Hydralisk x2  
  95  13:52  Roach  
  94  13:59  Drone  
  94  14:00  Drone x6  
  97  14:08  Lurker  
  98  14:12  Drone x4  
  102  14:19  Roach x3  
  102  14:20  Roach  
  102  14:21  Roach x2  
  102  14:24  Drone x2  
  116  14:26  Lurker  
  116  14:31  Spore Crawler, Roach x2  
  120  14:36  Unknown  
Tags
 
Add a new tag
Caveats
  • Supply blocks, unpowered buildings, or Contaminate may cause inaccurate times.
  • Supply counts are checked every 10 seconds.